 Dungeon Crawl Stone Soup version 0.21.0 (webtiles) character file.

186 inmateoo the Ruffian (level 5, -3/45 HPs)
             Began as a Minotaur Monk on Jan 5, 2018.
             Slain by an ogre
             ... wielding a +0 giant club
              (8 damage)
             ... on level 4 of the Dungeon.
             The game lasted 00:01:43 (3551 turns).

inmateoo the Ruffian (Minotaur Monk)                Turns: 3551, Time: 00:01:44

Health: -3/45      AC: 10    Str: 17    XL:     5   Next: 38%
Magic:  4/4        EV:  5    Int:  7    God:
Gold:   185        SH:  0    Dex: 12    Spells: 4/4 levels left

rFire    . . .     SeeInvis .     - Unarmed
rCold    . . .     Gourm    .   (no shield)
rNeg     . . .     Faith    .   n - +0 plate armour
rPois    .         Spirit   .   (helmet restricted)
rElec    .         Reflect  .   (no cloak)
rCorr    .         Harm     .   (no gloves)
MR       +....                  (no boots)
Stlth    ..........             l - amulet of magic regeneration
HPRegen  0.15/turn              c - ring of protection from magic
MPRegen  0.34/turn              q - ring of wizardry

@: no status effects
A: retaliatory headbutt, horns 2
a: no special abilities


You were on level 4 of the Dungeon.
You were not hungry.

You visited 1 branch of the dungeon, and saw 4 of its levels.

You collected 185 gold pieces.

Inventory:

Armour
 n - a +0 plate armour (worn)
Jewellery
 c - a ring of protection from magic (left hand)
 l - an amulet of magic regeneration (around neck)
 q - a ring of wizardry (right hand)
Wands
 p - a wand of enslavement (10)
 r - a wand of polymorph (5)
Scrolls
 a - a scroll of fear {unknown}
 d - 4 scrolls of remove curse {unknown}
 e - a scroll of random uselessness {unknown}
 g - 3 scrolls of identify {unknown}
 o - 2 scrolls of teleportation {unknown}
Potions
 f - 2 potions of brilliance {unknown}
 h - 3 potions of curing {unknown}
 i - 2 potions of heal wounds {unknown}
 j - 2 potions of might {unknown}
 k - a potion of haste {unknown}
 m - a potion of berserk rage {unknown}
Comestibles
 b - 7 rations


   Skills:
 - Level 3.6 Fighting
 - Level 3.2 Dodging
 - Level 1.5 Stealth
 + Level 6.8 Unarmed Combat


You had 4 spell levels left.
You didn't know any spells.

Dungeon Overview and Level Annotations

Branches:
Dungeon (4/15)
 Temple: D:4-7

Altars:
Elyvilon
Kikubaaqudgha


Innate Abilities, Weirdness & Mutations

You reflexively headbutt those who attack you in melee.
You have a pair of horns on your head.


Message History

The ogre is heavily wounded.
The ogre hits you with a giant club!
An ogre is nearby!
You are too injured to fight recklessly!
Unknown command.
Sorry, you're not good enough to have a special ability.
Okay, then.
You hit the ogre.
The ogre is heavily wounded.
You hit the ogre.
The ogre is severely wounded.
The ogre hits you with a giant club!
* * * LOW HITPOINT WARNING * * *
You completely miss the ogre.
The ogre is severely wounded.
You hit the ogre.
You headbutt the ogre, but do no damage.
The ogre is almost dead.
The ogre hits you with a giant club!
You die...

####.......#
...........#
...........#
.......#+###
.......#.#
.........#
......#..#
......#..###########
......#.>.......@O.#
......#####.....##.#
####### #.###.# ..
.##### #.# #.# (#
.....#### #.# #.## #
.....#..###.. ....
.....#....#####.#
##..##.....#.....
..).#........##.##


You could see an ogre.

Vanquished Creatures
  An iguana (D:4)
  A worker ant (D:4)
  A hound skeleton (D:4)
  4 gnolls (D:3)
  3 adders
  3 worms
  A dart slug (D:1)
  2 leopard geckos (D:1)
  3 orcs
  3 giant cockroaches
  5 goblins
  2 hobgoblins
  2 quokkas
  A ball python (D:4)
  5 bats
  6 frilled lizards
  4 kobolds
  5 rats
52 creatures vanquished.

Notes
Turn   | Place    | Note
-------+----------+-------------------------------------------
     0 | D:1      | inmateoo the Minotaur Monk began the quest for the Orb.
     0 | D:1      | Reached XP level 1. HP: 19/19 MP: 0/0
   251 | D:1      | Reached XP level 2. HP: 20/26 MP: 1/1
   457 | D:1      | Reached skill level 4 in Unarmed Combat
  1199 | D:2      | Reached XP level 3. HP: 27/31 MP: 2/2
  1698 | D:2      | Reached skill level 5 in Unarmed Combat
  1951 | D:2      | Found an ancient bone altar of Kikubaaqudgha.
  1951 | D:2      | Found a white marble altar of Elyvilon.
  2269 | D:3      | Reached XP level 4. HP: 21/39 MP: 3/3
  2386 | D:3      | HP: 1/39 [gnoll/flail (10)]
  2387 | D:3      | Reached skill level 6 in Unarmed Combat
  3373 | D:4      | Reached XP level 5. HP: 40/45 MP: 4/4
  3545 | D:4      | Noticed an ogre
  3551 | D:4      | Slain by an ogre

Skill      XL: |  1  2  3  4 |
---------------+-------------+-----
Unarmed Combat | 4 5 6 |  6.8
Fighting       | |  3.6
Dodging        | |  3.2
Stealth        | |  1.5

Action                   |  1- 3 |  4- 6 || total
-------------------------+-------+-------++-------
Melee: Unarmed           |   103 |    54 ||   157
       Headbutt          |    12 |    11 ||    23
       Punch             |     1 |     1 ||     2
 Stab: Sleeping          |     6 |       ||     6
  Eat: Chunk             |     3 |     5 ||     8
Armor: Robe              |    17 |       ||    17
       Plate armour      |     7 |    16 ||    23
Dodge: Dodged            |    65 |    17 ||    82
